 Dungeon Crawl Stone Soup version 0.28-a0-724-g66f9036eb4 (webtiles) character file.

Game seed: 5888139465936266534

392 Rennog the Skirmisher (level 6, -1/30 (37) HPs)
             Began as a Vine Stalker Fighter on Oct 27, 2021.
             Was a Believer of Elyvilon.
             Slain by Edmund (9 damage)
             ... on level 3 of the Dungeon.
             The game lasted 00:04:36 (3141 turns).

Rennog the Skirmisher (Vine Stalker Fighter)        Turns: 3141, Time: 00:04:37

HP:   -1/30 (37)    AC:  8    Str: 21    XL:     6   Next: 81%
MP:   0/7           EV:  7    Int:  8    God:    Elyvilon [**....]
Gold: 84            SH:  4    Dex: 13    Spells: 5/5 levels left

rFire   . . .      SeeInvis .   a - +0 rapier
rCold   . . .      Faith    .   c - +0 buckler
rNeg    . . .      Spirit   +   k - +0 chain mail
rPois   .          Reflect  .   (no helmet)
rElec   .          Harm     .   (no cloak)
rCorr   .          Rampage  .   (no gloves)
Will    .....                   (no boots)
Stlth   ..........              (no amulet)
HPRegen 1.10/turn               (no ring)
MPRegen 0.10/turn               (no ring)

@: mighty, heavily drained
A: fangs 2, regeneration 1, magic shield, antimagic bite, no potion heal 2
a: Renounce Religion, Lesser Healing, Heal Other, Divine Protection


You were on level 3 of the Dungeon.
You worshipped Elyvilon.
Elyvilon was pleased with you.
You visited 1 branch of the dungeon, and saw 4 of its levels.

You collected 84 gold pieces.

Inventory:

Hand Weapons
 a - a +0 rapier (weapon)
Armour
 b - a +0 scale mail
 c - a +0 buckler (worn)
 k - a +0 chain mail (worn)
Scrolls
 e - a scroll of magic mapping {unknown}
 f - a scroll of noise {unknown}
 g - 4 scrolls of identify {unknown}
 h - a scroll of fear {unknown}
 m - a scroll of vulnerability {unknown}
 o - a scroll of enchant armour {unknown}
 p - a scroll of teleportation {unknown}
Potions
 d - a potion of might
 i - a potion of berserk rage {unknown}
 j - a potion of heal wounds {unknown}
 l - a potion of haste {unknown}
 n - a potion of attraction {unknown}


   Skills:
 * Level 6.8 Fighting
 - Level 1.7 Short Blades
 - Level 2.4 Armour
 - Level 2.6 Shields


You had 5 spell levels left.
You didn't know any spells.
Your spell library contained the following spells:

 Spells                   Type           Power      Damage    Failure   Level
 Blink                    Tloc           0%         N/A       100%        2
 Static Discharge         Conj/Air       0%         N/A       100%        2
 Frozen Ramparts          Ice            0%         1d2       100%        3
 Ozocubu's Armour         Ice            0%         N/A       100%        3
 Dispel Undead            Necr           0%         3d6       100%        4
 Ice Form                 Ice/Tmut       0%         N/A       100%        4
 Sticky Flame             Conj/Fire      0%         2d3       100%        4
 Summon Ice Beast         Ice/Summ       0%         N/A       100%        4
 Manifold Assault         Tloc           0%         N/A       100%        5
 Ozocubu's Refrigeration  Ice            0%         4d5       100%        7
 Storm Form               Tmut/Air       0%         N/A       100%        7


Dungeon Overview and Level Annotations

Branches:
Dungeon (4/15)
 Temple: D:4-7

Altars:
Elyvilon
Wu Jian
Xom

Shops:
D:3 [

Annotations:
D:3 Edmund


Innate Abilities, Weirdness & Mutations

You have extremely sharp teeth.
Your natural rate of healing is unusually fast.
When hurt, damage is shared between your health and your magic reserves.
Your bite disrupts and absorbs the magic of your enemies.
Potions cannot restore your health.


Message History

Edmund says, "I might not be good at magic, but I can still kill you!"
Edmund hits you with a +5 flail of draining!
You feel drained.
You hit Edmund.
Edmund is lightly wounded.
Edmund says, "People accused me of being a cutpurse!"
Edmund hits you with a +5 flail of draining!
You feel drained.
You are too injured to fight recklessly!
You are too injured to fight recklessly!
You are too injured to fight recklessly!
You are too injured to fight recklessly!
You are too injured to fight recklessly!
You are too injured to fight recklessly!
You are too injured to fight recklessly!
You are too injured to fight recklessly!
You are too injured to fight recklessly!
You are too injured to fight recklessly!
You are too injured to fight recklessly!
You are too injured to fight recklessly!
You are too injured to fight recklessly!
You are too injured to fight recklessly!
You are too injured to fight recklessly!
You are too injured to fight recklessly!
You are too injured to fight recklessly!
You are too injured to fight recklessly!
You are too injured to fight recklessly!
There is a stone staircase leading up here.
Edmund hits you with a +5 flail of draining.
You feel drained.
You climb upwards.
There is a stone staircase leading down here.
You feel very mighty all of a sudden.
Edmund hits you with a +5 flail of draining!
You feel drained.
* * * LOW HITPOINT WARNING * * *
You barely miss Edmund.
Edmund is lightly wounded.
Edmund hits you with a +5 flail of draining!
You die...

#..#.............# #.# #.#
#..#.########.##.# #.# #.#
#..#.# #.##.# #.# #.#
#..#.########.##.# #.# #.#
#.............##.###.# #.#
#.##.###########..(..# #.##
##.##.# #............# #...
#..#..####.#####...#.## ####
#.##.###...@@###.#.#.########
#.##.###.....##....#.........
#.#.............#..##########
#.#..###.....##.(.##
#.#..###.....###.##
#.........#.## #.#
###..####....###.# #..#
#..#.....# #..# ##...#####


You could see Edmund.

Vanquished Creatures
  Sigmund (D:3)
  A hound (D:3)
  2 orc priests
  An iguana (D:3)
  Terence (D:2)
  2 adders
  A worm (D:2)
  2 dart slugs (D:2)
  6 orcs
  5 ball pythons
  6 endoplasms
  3 giant cockroaches
  6 goblins
  A hobgoblin (D:1)
  3 jackals (D:1)
  7 kobolds
  2 quokkas (D:1)
  3 bats
  7 frilled lizards
  4 rats
64 creatures vanquished.

Notes
Turn   | Place    | Note
-------+----------+-------------------------------------------
     0 | D:1      | Rennog the Vine Stalker Fighter began the quest for the
                  | Orb.
     0 | D:1      | Reached XP level 1. HP: 11/11 MP: 2/2
   117 | D:1      | Reached skill level 3 in Fighting
   125 | D:1      | Reached XP level 2. HP: 14/16 MP: 3/3
   528 | D:1      | Found a faded altar of an unknown god.
   566 | D:1      | Prayed at the altar of an unknown god.
   566 | D:1      | Became a worshipper of Elyvilon the Healer
   566 | D:1      | Reached * piety under Elyvilon
   794 | D:1      | Reached XP level 3. HP: 21/21 MP: 4/4
  1172 | D:2      | Reached skill level 4 in Fighting
  1340 | D:2      | Reached ** piety under Elyvilon
  1348 | D:2      | Noticed Terence
  1375 | D:2      | Found a shimmering altar of Xom.
  1869 | D:2      | HP: 1/21 [Terence (4)]
  2259 | D:3      | Gained mutation: Your natural rate of healing is unusually
                  | fast. [Vine Stalker growth]
  2259 | D:3      | Reached XP level 4. HP: 26/26 MP: 5/5
  2272 | D:3      | Found an ornate altar of the Wu Jian Council.
  2357 | D:2      | Killed Terence
  2490 | D:3      | Reached skill level 5 in Fighting
  2490 | D:3      | Reached XP level 5. HP: 27/30 MP: 4/6
  2640 | D:3      | Noticed Sigmund
  2657 | D:3      | Killed Sigmund
  2658 | D:3      | Reached skill level 6 in Fighting
  2658 | D:3      | Reached XP level 6. HP: 34/36 MP: 7/7
  2659 | D:3      | Found Noir's Armour Shoppe.
  3056 | D:4      | Noticed a steam dragon
  3125 | D:4      | Noticed Edmund
  3141 | D:3      | Slain by Edmund

Illustrated notes

Levels and vault maps discovered:
D:1:      onia_arrival_mini_spirals, layout_basic,
          shapermc_ecumenical_altar_mp_vishouse
D:2:      layout_rooms, basic_altar, eino_tiny_chamber, grunt_decor_one_mirror,
          kennysheep_nub, st_stairs_3, minmay_fractal_squares_gapless_5,
          uniq_terence
D:3:      layout_loops_ring, nicolae_wu_jian_wuxing_cycle, serial_shops,
          nicolae_diamond_shop, nrook_campfire, uniq_sigmund
D:4:      layout_basic, nemelex_xobeh_ov_fountains_minmay,
          chequers_serial_rivers_micro_d, kennysheep_diamond, uniq_duvessa,
          uniq_grinder, uniq_edmund, uniq_pikel

Skill      XL: |  1  2  3  4  5 |
---------------+----------------+-----
Fighting       | 3 4 5 6 |  6.8
Short Blades   | |  1.7
Armour         | |  2.4
Shields        | |  2.6

Action                   |  1- 3 |  4- 6 || total
-------------------------+-------+-------++-------
Melee: Rapier            |   122 |    79 ||   201
       Bite              |    34 |    24 ||    58
  Use: Potion            |       |     1 ||     1
Armor: Scale mail        |    28 |       ||    28
       Chain mail        |    29 |    24 ||    53
Dodge: Dodged            |    52 |    19 ||    71
Block: Buckler           |    22 |    11 ||    33

Table legend: (Time is in decaauts)
 A = Elapsed time spent in this place.
 B = Non-inter-level travel time spent in this place.
 C = Inter-level travel time spent in this place.
 D = Time resting spent in this place.
 E = Time spent auto-exploring this place.
 F = Levels seen in this place.
 G = Mean time per level.
                   A        B        C        D        E       F      G
               +--------+--------+--------+--------+--------+-----+--------+
         Total |   3174 |   3002 |    172 |    471 |   1939 |   4 |  793.5 |
       Dungeon |   3174 |   3002 |    172 |    471 |   1939 |   4 |  793.5 |
               +--------+--------+--------+--------+--------+-----+--------+

Top non-repeatable levels by time:
     D:1: 1519 daAuts
     D:2: 843 daAuts
     D:3: 656 daAuts
     D:4: 154 daAuts
